 Dungeon Crawl Stone Soup version 0.28.0-43-g3370ac3207 (webtiles) character file.

Game seed: 2945609854929247000

448 adizb the Skirmisher (level 6, -1/56 HPs)
             Began as a Troll Monk on Mar 5, 2022.
             Was a Believer of Hepliaklqana.
             Engulfed by a steam dragon's steam (7 damage)
             ... on level 5 of the Dungeon.
             The game lasted 00:12:31 (2513 turns).

adizb the Skirmisher (Troll Monk)                   Turns: 2513, Time: 00:12:31

Health: -1/56      AC:  5    Str: 22    XL:     6   Next: 73%
Magic:  5/5        EV: 14    Int:  6    God:    Hepliaklqana [**....]
Gold:   207        SH:  5    Dex: 12    Spells: 5/5 levels left

rFire   . . .      SeeInvis .   a - +0 mace
rCold   . . .      Faith    .   (no shield)
rNeg    . . .      Spirit   .   b - +0 robe
rPois   .          Reflect  +   (helmet restricted)
rElec   .          Harm     .   m - +0 cloak
rCorr   .          Rampage  .   (gloves unavailable)
Will    +....                   (boots unavailable)
Stlth   ++........              r - amulet of reflection
HPRegen 0.98/turn               c - +4 ring of evasion
MPRegen 0.09/turn               f - ring of willpower

@: no status effects
A: reduced essence, large, unfitting armour, claws 3, regeneration 1, shaggy fur
1, tough skin 1
a: Renounce Religion, Ancestor Life: Knight, Ancestor Life: Battlemage, Ancestor
Life: Hexer, Recall Ancestor, Ancestor Identity


You were on level 5 of the Dungeon.
You worshipped Hepliaklqana.
Hepliaklqana was pleased with you.
You visited 2 branches of the dungeon, and saw 6 of its levels.

You collected 207 gold pieces.

Inventory:

Hand Weapons
 a - a +0 mace (weapon)
Missiles
 n - 5 poisoned darts (quivered)
Armour
 b - a +0 robe (worn)
 m - a +0 cloak (worn)
Jewellery
 c - a +4 ring of evasion (left claw)
 f - a ring of willpower (right claw)
 r - an amulet of reflection (around neck)
Wands
 j - a wand of mindburst (13)
 k - a wand of polymorph (7)
Scrolls
 d - a scroll of enchant armour
 e - a scroll of noise {unknown}
 g - a scroll of summoning
 i - 2 scrolls of teleportation
 p - a scroll of vulnerability {unknown}
Potions
 h - a potion of cancellation {unknown}
 l - 2 potions of haste
 o - 2 potions of curing {unknown}
 q - a potion of might {unknown}


   Skills:
 * Level 4.4 Fighting
 + Level 3.9 Maces & Flails
 + Level 3.5 Dodging
 - Level 1.0 Stealth
 + Level 2.8 Unarmed Combat


You had 5 spell levels left.
You didn't know any spells.
Your spell library was empty.

Dungeon Overview and Level Annotations

Branches:
Dungeon (5/15)             Temple (1/1) D:4

Altars:
Ashenzari
Cheibriados
Elyvilon
Gozag
Hepliaklqana
Kikubaaqudgha
Makhleb
Nemelex Xobeh
Okawaru
Qazlal
Ru
Sif Muna
Trog
Uskayaw
Wu Jian
Xom
Yredelemnul
Zin
The Shining One


Innate Abilities, Weirdness & Mutations

Your life essence is reduced to manifest your ancestor. (-10% HP)
You are too large for most types of armour.
You have claws for hands.
Your natural rate of healing is unusually fast.
You are covered in fur. (AC +1)
You have tough skin. (AC +1)


Message History

There is a stone staircase leading down here.
You climb downwards.
There is a stone staircase leading up here.
You sock the steam dragon!
The steam dragon is moderately wounded.
The steam dragon breathes steam at you. The ball of steam hits you!!
You hear a bark!
You thump the steam dragon! Your claw misses the steam dragon.
The steam dragon is heavily wounded.
You are engulfed in a cloud of scalding steam.
The steam dragon completely misses you. The steam dragon misses you.
Amenemopet hits the steam dragon.
A bullfrog zombie comes into view.
You hit the steam dragon.
The steam dragon is severely wounded.
You block the steam dragon's attack. The steam dragon barely misses you.
Amenemopet hits the steam dragon.
You hit the steam dragon but do no damage.
The steam dragon is severely wounded.
The steam dragon misses you.
The steam dragon claws you but does no damage.
Amenemopet hits the steam dragon but does no damage.
You hit the steam dragon but do no damage.
The steam dragon is severely wounded.
The steam dragon bites you. The steam dragon misses you.
Amenemopet closely misses the steam dragon. x2
The steam dragon bites you. The steam dragon claws you.
You hit the steam dragon.
The steam dragon is severely wounded.
The steam dragon breathes steam at you. The ball of steam hits you!!
* * * LOW HITPOINT WARNING * * *
Amenemopet hits the steam dragon but does no damage.
Amenemopet hits the steam dragon.
There is a stone staircase leading up here.
Okay, then.
Okay, then.
You are engulfed in a cloud of scalding steam.
You die...

.....#
....#
....#
...#
##..##
#....
#..#
#ยง@#
#RD#
#.##
..Z
.....
.......
....#..
....#..
... ...


You could see the friendly Amenemopet the ancestor, a steam dragon (catching
breath, ally target) and a bullfrog zombie.

Vanquished Creatures
  A phantom (D:4)
  A bullfrog zombie (D:3)
  Crazy Yiuf (D:2)
  An orc wizard (D:3)
  Natasha (thrice) (D:2)
  An iguana (D:4)
  3 adders
  3 worms
  3 dart slugs
  7 orcs
  12 ball pythons
  7 bats
  5 endoplasms
  4 giant cockroaches
  3 goblins
  7 hobgoblins
  2 jackals (D:1)
  3 quokkas
  A frilled lizard (D:3)
  10 kobolds
  4 rats
82 creatures vanquished.

Vanquished Creatures (collateral kills)
  A scorpion (D:4)
  A ball python (D:4)
  A hobgoblin (D:4)
3 creatures vanquished.

Vanquished Creatures (others)
  A human (D:3)
1 creature vanquished.

Grand Total: 86 creatures vanquished

Notes
Turn   | Place    | Note
-------+----------+-------------------------------------------
     0 | D:1      | adizb the Troll Monk began the quest for the Orb.
     0 | D:1      | Reached XP level 1. HP: 22/22 MP: 0/0
   110 | D:1      | Reached XP level 2. HP: 29/29 MP: 1/1
   357 | D:1      | Reached XP level 3. HP: 36/36 MP: 2/2
   523 | D:1      | Reached skill level 1 in Unarmed Combat
   655 | D:2      | Reached skill level 3 in Fighting
   772 | D:2      | Noticed Natasha
   773 | D:2      | Found a faded altar of an unknown god.
   803 | D:2      | Killed Natasha
   849 | D:2      | Noticed Natasha
   859 | D:2      | Killed Natasha
   860 | D:2      | Reached XP level 4. HP: 32/45 MP: 3/3
   973 | D:2      | Found a runed translucent door.
   974 | D:2      | Noticed Crazy Yiuf
   982 | D:2      | Killed Crazy Yiuf
  1048 | D:2      | Noticed Natasha
  1058 | D:2      | Killed Natasha
  1059 | D:2      | Reached XP level 5. HP: 45/53 MP: 4/4
  1496 | D:3      | Found an ancient bone altar of Kikubaaqudgha.
  1497 | D:3      | Noticed a human
  1501 | D:3      | Killed a human
  1528 | D:3      | Found a broken altar of Ashenzari.
  1674 | D:3      | Reached skill level 4 in Fighting
  1687 | D:4      | Reached XP level 6. HP: 52/62 MP: 5/5
  1727 | D:4      | Found a staircase to the Ecumenical Temple.
  1739 | Temple   | Entered the Ecumenical Temple
  1851 | Temple   | Became a worshipper of Hepliaklqana the Forgotten
  1851 | Temple   | Reached * piety under Hepliaklqana
  1851 | Temple   | Reached ** piety under Hepliaklqana
  2472 | D:4      | Found a sacrificial altar of Ru.
  2504 | D:5      | Entered Level 5 of the Dungeon
  2504 | D:5      | Noticed a steam dragon
  2513 | D:5      | Engulfed by a steam dragon's steam

Illustrated notes

Levels and vault maps discovered:
D:1:      scummos_arrival_star, layout_loops_ring, minmay_stone_trees_small,
          minmay_pentomino_x2
D:2:      layout_rooms, hellmonk_ecumenical_altar_blasted, uniq_natasha,
          uniq_crazy_yiuf_cottage
D:3:      layout_rooms, tgw_kikubaaqudgha, nicolae_overflow_hidden_temple,
          minivault_11
D:4:      layout_rooms, mainiacjoe_overflow_alcove_4,
          minmay_temple_entry_glassed_door, chequers_serial_rivers_large_a,
          minmay_pentangle
D:5:      layout_cave_pools, mainiacjoe_overflow_tiny_flanked,
          chequers_arboretum, kennysheep_generic_room_10
Temple:   minmay_temple_bridge_d

Skill      XL: |  1  2  3  4  5 |
---------------+----------------+-----
Unarmed Combat | 1 2 |  2.8
Maces & Flails | 3 |  3.9
Fighting       | 3 4 |  4.4
Dodging        | 3 |  3.5
Stealth        | |  1.0

Action                   |  1- 3 |  4- 6 || total
-------------------------+-------+-------++-------
Melee: Mace              |   112 |   161 ||   273
       Punch             |     2 |     4 ||     6
  Use: Potion            |     1 |     1 ||     2
       Scroll            |     2 |     1 ||     3
 Stab: Sleeping          |     1 |     3 ||     4
Armor: Robe              |    36 |    45 ||    81
Dodge: Dodged            |   100 |   117 ||   217
Block: Other             |       |     8 ||     8
